Selects Advanced Infantry Battlegroup
Mechanized Support Center
Selects Convert to Ranger Squad
Construct Medical Station
Selects Ammunition Storage
Selects M2A1 105mm Howitzer Emplacement
M4(105) Sherman Bulldozer
M18 Hellcat Tank Destroyer
Selects 155mm Rapid Artillery Barrage
M4(105) Sherman Bulldozer
155mm Rapid Artillery Barrage
M18 Hellcat Tank Destroyer
Selects Frontline Medical Station
Selects Ranger Weapon Training
155mm Rapid Artillery Barrage
Frontline Medical Station
155mm Rapid Artillery Barrage
M18 Hellcat Tank Destroyer
155mm Rapid Artillery Barrage